 Dungeon Crawl Stone Soup version 0.24-a0-584-g9d6b971ae4 (webtiles) character file.

Game seed: 11978234760131558655, levelgen mode: deterministic

112 BigAxe the Shield-Bearer (level 4, 0/28 HPs)
             Began as a Gargoyle Fighter on Sept 6, 2019.
             Slain by an orc
             ... wielding a +2 trident of freezing
              (1 damage)
             ... on level 3 of the Dungeon.
             The game lasted 00:05:58 (1887 turns).

BigAxe the Shield-Bearer (Gargoyle Fighter)         Turns: 1887, Time: 00:05:58

Health: 0/28       AC: 14    Str: 18 (20) XL:     4   Next: 93%
Magic:  4/4        EV:  5    Int:  9      God:
Gold:   173        SH: 10    Dex:  9      Spells: 3/3 levels left

rFire    . . .     SeeInvis .   a - +0 flail
rCold    . . .     Gourm    .   c - +1 shield
rNeg     + . .     Faith    .   k - +0 chain mail
rPois    ∞         Spirit   .   h - +0 helmet
rElec    +         Reflect  .   (no cloak)
rCorr    .         Harm     .   (no gloves)
MR       .....                  (no boots)
Stlth    ..........             (no amulet)
HPRegen  0.09/turn              (no ring)
MPRegen  0.09/turn              (no ring)

@: no status effects
A: negative energy resistance 1, electricity resistance, unbreathing,
petrification resistance, rot immunity, AC +3
a: no special abilities


You were on level 3 of the Dungeon.
You were not hungry.

You visited 1 branch of the dungeon, and saw 3 of its levels.

You collected 173 gold pieces.

Inventory:

Hand Weapons
 a - a +0 flail (weapon)
Armour
 b - a +0 scale mail
 c - a +1 shield (worn)
 h - a +0 helmet (worn)
 k - a +0 chain mail (worn)
Scrolls
 e - a scroll of blinking {unknown}
 i - a scroll of amnesia
 l - 3 scrolls of identify
Potions
 d - a potion of might
Comestibles
 f - 7 rations


   Skills:
 + Level 3.5 Fighting
 + Level 3.5 Maces & Flails
 + Level 3.9 Armour
 + Level 0.3 Dodging
 + Level 0.4 Stealth
 + Level 4.0 Shields


You had 3 spell levels left.
You didn't know any spells.
Your spell library was empty.

Dungeon Overview and Level Annotations

Branches:
Dungeon (3/15)

Altars:


Innate Abilities, Weirdness & Mutations

You are resistant to torment.
Your stone body is resilient. (AC +3)
You are immune to poison.
You resist negative energy. (rN+)
You are resistant to electric shocks. (rElec)
You can survive without breathing.
You are immune to petrification.
You are immune to rotting.


Message History

The orc priest hits you but does no damage.
The orc barely misses you.
You sock the orc priest!
The orc priest is heavily wounded.
You block the orc priest's attack. The orc hits you but does no damage.
You hit the orc priest.
The orc priest is heavily wounded.
The orc priest barely misses you.
The orc hits you from afar with a +2 trident of freezing.
The orc freezes you.
* * * LOW HITPOINT WARNING * * *
You closely miss the orc priest.
The orc priest is heavily wounded.
The orc priest invokes the aid of Beogh against you.
Pain shoots through your body!
* * * LOW HITPOINT WARNING * * *
The orc hits you from afar with a +2 trident of freezing.
* * * LOW HITPOINT WARNING * * *
The orc freezes you.
You die...

#.......#.#... .......
###.......#.#### .......
#...#..†...#.#### .......
#...#............
.......##...#.......#####
............#.......##
#..........####.....#
#....o.....# #.†...#
#.....o@...####.....##
#...........)........#
#....$......†).....#.#
###########........#..#
########## .# .


You could see an orc priest and an orc.

Vanquished Creatures
  An orc priest (D:3)
  3 adders
  An ooze (D:2)
  2 worms (D:2)
  A dart slug (D:1)
  A leopard gecko (D:1)
  2 orcs (D:3)
  7 bats
  2 giant cockroaches
  6 goblins
  6 hobgoblins
  5 kobolds
  A quokka (D:2)
  3 frilled lizards
  4 rats
45 creatures vanquished.

Notes
Turn   | Place    | Note
-------+----------+-------------------------------------------
     0 | D:1      | BigAxe the Gargoyle Fighter began the quest for the Orb.
     0 | D:1      | Reached XP level 1. HP: 14/14 MP: 1/1
   151 | D:1      | Reached XP level 2. HP: 18/19 MP: 2/2
   949 | D:2      | Reached XP level 3. HP: 13/23 MP: 3/3
  1524 | D:2      | Reached XP level 4. HP: 28/28 MP: 4/4
  1872 | D:3      | Reached skill level 4 in Shields
  1887 | D:3      | HP: 1/28 [orc/+2 trident of freezing (1)]
  1887 | D:3      | Slain by an orc

Levels and vault maps discovered:
D:1:      moated_graveyard_arrival, layout_basic
D:2:      layout_loops_cross, chequers_serial_rivers_micro_e
D:3:      layout_basic, first_ration, patterned_corridor

Skill      XL: |  1  2  3  4 |
---------------+-------------+-----
Maces & Flails | 3 |  3.5
Shields        | 4 |  4.0
Fighting       | |  3.5
Armour         | |  3.9
Dodging        | |  0.3
Stealth        | |  0.4

Action                   |  1- 3 |  4- 6 || total
-------------------------+-------+-------++-------
Melee: Flail             |   133 |    43 ||   176
  Use: Scroll            |     4 |     2 ||     6
       Potion            |     2 |     1 ||     3
  Eat: Chunk             |     2 |     1 ||     3
Armor: Scale mail        |    37 |       ||    37
       Chain mail        |    51 |    33 ||    84
Dodge: Dodged            |    47 |    13 ||    60
Block: Shield            |   100 |    39 ||   139

Table legend:
 A = Non-vault XP
 B = Vault XP
 C = Vault XP percentage of total XP
 D = Non-vault monster count
 E = Vault monster count
 F = Vault count percentage of total count
                 A         B        C        D         E       F
            +---------+---------+-------+---------+---------+-------
      Total |     160 |       0 |   0.0 |      45 |       0 |   0.0
            +---------+---------+-------+---------+---------+-------
        D:1 |      33 |       0 |   0.0 |      21 |       0 |   0.0
        D:2 |      60 |       0 |   0.0 |      15 |       0 |   0.0
        D:3 |      67 |       0 |   0.0 |       9 |       0 |   0.0
            +---------+---------+-------+---------+---------+-------
